 Dungeon Sprint DCSS version 0.19.0-19-g8c6edcc (webtiles) character file.

14369 NINUZHNO the Shatterer (level 12, -17/222 HPs)
             Began as an Ogre Berserker on Nov 12, 2016.
             Was the Champion of Trog.
             Killed by a malign offering
             ... invoked by a deep elf high priest
              (26 damage)
             ... in the Dungeon (Sprint V: "Ziggurat Sprint").
             The game lasted 00:07:23 (1009 turns).

NINUZHNO the Shatterer (Ogre Berserker)             Turns: 1009, Time: 00:07:23

Health: -17/222    AC: 31    Str: 46    XL:     12   Next: 15%
Magic:  18/18      EV:  8    Int:  6    God:    Trog [******]
Gold:   0          SH:  0    Dex:  9    Spells: 0 memorised, 11 levels left

rFire  + + +     SeeInvis .     I - +7 great mace "Firestarter" {inner flame, rF++}
rCold  + . .     Gourm    .     j - +12 gold dragon scales
rNeg   . . .     Faith    .     (shield currently unavailable)
rPois  +         Spirit   .     (helmet restricted)
rElec  .         Reflect  .     (no cloak)
rCorr  .         Harm     .     (gloves unavailable)
MR     +++..     NoTele   +     (boots unavailable)
Stlth  ..........               N - amulet of regeneration
                                H - +6 ring of strength
                                G - +6 ring of strength

@: berserking, regenerating, very quick
A: unfitting armour, tough skin 1
a: Berserk, Trog's Hand, Brothers in Arms, Burn Spellbooks, Renounce Religion


You were in the Dungeon.
You worshipped Trog.
Trog was exalted by your worship.
You were hungry.

You visited 1 branch

Inventory:

Hand Weapons
 I - the +7 great mace "Firestarter" (weapon) {inner flame, rF++}
   (You found it in the Dungeon)

   It has been specially enchanted to burn those struck by it, causing extra
   injury to most foes and up to half again as much damage against particularly
   susceptible opponents.
   It greatly protects you from fire.
Armour
 j - +12 gold dragon scales (worn)
Jewellery
 n - the ring "Ruackudgh" {Fire *Contam rN+ Dex+7}
   (You found it in the Dungeon)

   [ring of fire]

   It enhances your fire magic.
   It affects your dexterity (+7).
   It protects you from fire.
   It makes you vulnerable to cold.
   It protects you from negative energy.
   It causes magical contamination when unequipped.
 G - a +6 ring of strength (left hand)
 H - a +6 ring of strength (right hand)
 N - an amulet of regeneration (around neck)
Wands
 a - a wand of heal wounds (5/9)
 y - a wand of disintegration (7/24)
 z - a wand of iceblast (5/15)
 A - a wand of lightning (5/15)
 B - a wand of acid (5/15)
Scrolls
 i - 4 scrolls of blinking
 q - 3 scrolls of recharging
 r - 8 scrolls of fog
 s - 2 scrolls of holy word
 t - 5 scrolls of identify
 u - 5 scrolls of remove curse
 v - 2 scrolls of fear
 E - 4 scrolls of enchant weapon
 K - a scroll of brand weapon
 Q - a scroll of enchant armour
Potions
 d - 10 potions of curing
 e - 10 potions of heal wounds
 f - 6 potions of haste
 g - 7 potions of magic
 h - 3 potions of berserk rage
 k - 2 potions of brilliance
 l - 2 potions of invisibility
 m - 4 potions of resistance
 o - 5 potions of agility
 p - 5 potions of might
Miscellaneous
 b - a fan of gales
 F - a disc of storms
 L - 2 boxes of beasts
 M - a phial of floods
 O - a crystal ball of energy
 P - a lamp of fire
 S - a phantom mirror
Comestibles
 c - 5 bread rations
 w - 39 fruits
 x - 4 meat rations


   Skills:
 + Level 17.5 Fighting
 + Level 23.2 Maces & Flails
 + Level 11.8 Armour
 + Level 6.9 Dodging
 * Level 8.3 Evocations


You had 11 spell levels left.
You didn't know any spells.

Dungeon Overview and Level Annotations

Branches:
Dungeon (1/1)

Altars:
Ashenzari
Cheibriados
Dithmenos
Elyvilon
Fedhas
Gozag
Hepliaklqana
Kikubaaqudgha
Makhleb
Nemelex Xobeh
Okawaru
Qazlal
Ru
Sif Muna
Trog
Uskayaw
Vehumet
Xom
Yredelemnul
Zin
The Shining One
Beogh
Jiyva
Lugonu


Innate Abilities, Weirdness & Mutations

You are too large for most types of armour.
You have tough skin. (AC +1)


Message History

The vampiric trident resists.
The vampiric trident is heavily damaged.
The fiery explosion engulfs you! You resist.
* * * LOW HITPOINT WARNING * * *
The fiery explosion engulfs the deep elf mage.
You kill the deep elf mage!
Trog accepts your kill.
Trog appreciates your killing of a magic user.
The fiery explosion engulfs the earth elemental.
The earth elemental completely resists.
The vampiric trident is engulfed in roaring flames.
The vampiric trident hits you but does no damage.
You flatten the earth elemental like a pancake!!!
You destroy the earth elemental!
Trog accepts your kill.
The vampiric trident is engulfed in roaring flames.
The vampiric trident hits you but does no damage.
The deep elf high priest utters a dark prayer and points at you.
Your life force is offered up.
You die...

▓▓▓▓▓▓▓▓▓▓▓▓
▓...8©8...▓...8©8...▓.
▓..[.)[||.▓..|}.)|..▓.
▓..""\)}..▓...}.=...▓.
▓.........▓.........▓.
▓...e.....▓.........▓.
▓...e(§§..▓.........▓.
▓..§§§§§..▓.........▓.
▓..▓§@§▓..▓....)....▓.
▓.▓.....▓.▓.........▓.
▓.........▓.........▓▓
▓▓▓▓▓▓▓▓▓▓▓▓▓▓▓▓▓▓▓▓▓


You could see a deep elf annihilator, a deep elf high priest and a vampiric
trident.

Vanquished Creatures
  A green draconian (D)
  A black draconian (D)
  A red draconian (D)
  A deep elf high priest (D)
  A dancing weapon (D)
  3 soul eaters (D)
  A spriggan druid (D)
  A deep elf mage (D)
  6 draconians (D)
  A black mamba (D)
  2 naga magi (D)
  A rime drake (D)
  A queen bee (shapeshifter) (D)
  3 jumping spiders (D)
  A hornet (D)
  4 spriggans (D)
  A fire elemental (D)
  A steam dragon (D)
  A naga (D)
  A black bear (D)
  2 swamp drakes (D)
  2 wolves (D)
  2 necrophages (D)
  4 phantoms (D)
  An earth elemental (D)
  6 scorpions (D)
  4 wights (D)
  An adder (D)
  A white imp (D)
  A spectral adder (D)
  5 adder skeletons (D)
  2 adder zombies (D)
  A spectral bat (D)
  2 bat skeletons (D)
  A ball python (D)
  A giant cockroach zombie (D)
  A jackal zombie (D)
  A leopard gecko zombie (D)
71 creatures vanquished.

Vanquished Creatures (collateral kills)
  A deep elf high priest (D)
  An air elemental (D)
2 creatures vanquished.

Grand Total: 73 creatures vanquished

Notes
Turn   | Place    | Note
-------+----------+-------------------------------------------
     0 | D        | NINUZHNO the Ogre Berserker began the quest for the Orb.
     0 | D        | Reached XP level 1. HP: 24/24 MP: 1/1
     6 | D        | Found a deep blue altar of Sif Muna.
     6 | D        | Found a sacrificial altar of Ru.
     6 | D        | Found a bloodstained altar of Trog.
     6 | D        | Found a stormy altar of Qazlal.
     6 | D        | Found an iron altar of Okawaru.
     6 | D        | Found a sparkling altar of Nemelex Xobeh.
     6 | D        | Found a blossoming altar of Fedhas.
     8 | D        | Found an ancient bone altar of Kikubaaqudgha.
     8 | D        | Found a viscous altar of Jiyva.
     8 | D        | Found a corrupted altar of Lugonu.
     8 | D        | Found a hazy altar of Hepliaklqana.
     8 | D        | Found a burning altar of Makhleb.
     8 | D        | Found an opulent altar of Gozag.
    45 | D        | Reached skill level 10 in Maces & Flails
    45 | D        | Reached XP level 2. HP: 32/32 MP: 2/2
    46 | D        | Entered arena 1.
    59 | D        | Entered arena 2.
    59 | D        | Noticed a draconian
    59 | D        | Noticed a draconian
    59 | D        | Noticed a draconian
    65 | D        | Killed a draconian
    65 | D        | Reached ** piety under Trog
    65 | D        | Reached skill level 14 in Maces & Flails
    65 | D        | Reached skill level 5 in Armour
    65 | D        | Reached XP level 3. HP: 38/50 MP: 3/3
    65 | D        | Reached XP level 4. HP: 45/59 MP: 4/4
    65 | D        | Reached XP level 5. HP: 51/67 MP: 5/5
    65 | D        | Reached XP level 6. HP: 57/75 MP: 6/6
    68 | D        | Killed a draconian
    68 | D        | Reached skill level 10 in Fighting
    68 | D        | Reached skill level 16 in Maces & Flails
    68 | D        | Reached XP level 7. HP: 62/87 MP: 7/7
    69 | D        | Killed a draconian
    69 | D        | Reached skill level 17 in Maces & Flails
    69 | D        | Reached XP level 8. HP: 68/97 MP: 8/8
    88 | D        | Got the ring of Taujoj {Int+4 SInv}
   290 | D        | Reached *** piety under Trog
   291 | D        | Entered arena 3.
   291 | D        | Noticed a jumping spider
   291 | D        | Noticed a jumping spider
   305 | D        | Killed a jumping spider
   305 | D        | Killed a jumping spider
   305 | D        | Reached **** piety under Trog
   305 | D        | Reached skill level 18 in Maces & Flails
   311 | D        | Got the ring "Ruackudgh" {Fire *Contam rN+ Dex+7}
   383 | D        | Entered arena 4.
   383 | D        | Noticed a rime drake
   386 | D        | Reached XP level 9. HP: 107/107 MP: 9/9
   387 | D        | Killed a rime drake
   462 | D        | Entered arena 5.
   462 | D        | Noticed a jumping spider
   464 | D        | Killed a jumping spider
   464 | D        | Reached ***** piety under Trog
   464 | D        | Reached skill level 19 in Maces & Flails
   470 | D        | Received a gift from Trog
   479 | D        | Identified the Catalogue of Dark Air
   525 | D        | Entered arena 6.
   525 | D        | Noticed a black draconian
   525 | D        | Noticed a green draconian
   525 | D        | Noticed a draconian
   525 | D        | Noticed a draconian
   525 | D        | Noticed a red draconian
   525 | D        | Noticed a draconian
   532 | D        | Killed a red draconian
   532 | D        | Reached skill level 20 in Maces & Flails
   532 | D        | Reached XP level 10. HP: 122/122 MP: 10/10
   534 | D        | Killed a draconian
   539 | D        | Killed a green draconian
   539 | D        | Received a gift from Trog
   539 | D        | Reached skill level 15 in Fighting
   539 | D        | Reached skill level 21 in Maces & Flails
   542 | D        | Killed a black draconian
   542 | D        | Reached skill level 10 in Armour
   543 | D        | Killed a draconian
   546 | D        | Killed a draconian
   546 | D        | Reached skill level 22 in Maces & Flails
   627 | D        | Entered arena 7.
   627 | D        | Noticed a naga mage
   627 | D        | Noticed a naga mage
   627 | D        | Noticed a black mamba
   638 | D        | Killed a black mamba
   638 | D        | Reached skill level 1 in Evocations
   638 | D        | Reached XP level 11. HP: 135/135 MP: 10/12
   641 | D        | Reached ****** piety under Trog
   641 | D        | Received a gift from Trog
   679 | D        | Entered arena 8.
   685 | D        | Received a gift from Trog
   691 | D        | Identified the Tome of Earth
   694 | D        | Received a gift from Trog
   711 | D        | Entered arena 9.
   711 | D        | Noticed a spriggan rider
   711 | D        | Noticed a spriggan druid
   714 | D        | Killed a spriggan druid
   723 | D        | Received a gift from Trog
   729 | D        | Killed a spriggan rider
   729 | D        | Reached skill level 5 in Dodging
   729 | D        | Reached skill level 5 in Evocations
   825 | D        | Entered arena 10.
   827 | D        | Received a gift from Trog
   830 | D        | Received a gift from Trog
   874 | D        | Entered arena 11.
   874 | D        | Noticed a soul eater
   875 | D        | Noticed a soul eater
   875 | D        | Noticed a soul eater
   879 | D        | Received a gift from Trog
   887 | D        | Killed a soul eater
   891 | D        | Killed a soul eater
   894 | D        | Killed a soul eater
   920 | D        | Received a gift from Trog
   982 | D        | Entered arena 12.
   982 | D        | Noticed a deep elf high priest
   982 | D        | Noticed a morningstar of flaming
   982 | D        | Noticed a vampiric trident
   982 | D        | Noticed a deep elf high priest
   983 | D        | Noticed a deep elf annihilator
   983 | D        | Noticed a deep elf mage
   983 | D        | Noticed a deep elf high priest
   988 | D        | Killed a deep elf high priest
   988 | D        | Reached skill level 23 in Maces & Flails
   993 | D        | Killed a deep elf high priest
   993 | D        | Reached XP level 12. HP: 64/148 MP: 17/17
   997 | D        | Received a gift from Trog
  1001 | D        | HP: 11/222 [vampiric trident (9)]
  1008 | D        | HP: 7/222 [fire elemental/exploding inner flame[the player character] (5)]
  1009 | D        | Killed from afar by a deep elf high priest

Skill      XL: |  1  2  3  4  5  6  7  8  9 10 11 12 |
---------------+-------------------------------------+-----
Maces & Flails | 10 14 16 17 18 20 22 23 | 23.2
Fighting       | 9 10 11 12 14 15 17 | 17.5
Armour         | 5 6 7 9 10 11 | 11.8
Dodging        | 3 6 |  6.9
Evocations     | 1 7 8 |  8.3

Action                   |  1- 3 |  4- 6 |  7- 9 | 10-12 || total
-------------------------+-------+-------+-------+-------++-------
Melee: Great mace        |     7 |     2 |    28 |   104 ||   141
Invok: Berserk           |     1 |       |     4 |     5 ||    10
       Burn Spellbooks   |       |       |     2 |     4 ||     6
       Trog's Hand       |       |       |       |     2 ||     2
       Brothers in Arms  |       |       |       |     1 ||     1
  Use: Potion            |     1 |       |       |       ||     1
       Scroll            |       |       |     4 |     3 ||     7
  Eat: Chunk             |       |       |     2 |     5 ||     7
       Fruit             |       |       |       |     3 ||     3
Armor: Gold dragon scale |     7 |     1 |    19 |   129 ||   156
Dodge: Dodged            |     1 |     1 |     4 |    41 ||    47
